Map: [ESL] Post-Youth

Players

Future - Winner!

  • Race: Terran Terran
  • Spawn Location: 7:00

Nina

  • Race: Protoss Protoss
  • Spawn Location: 1:00

Event: ESL SC2 Masters 2024 Spring (Regional)

VOD

Have the link to the VOD?

Description

Time

  • Played on: April 19, 2024, 3:04 p.m.
  • Length: 8:57

All games in this series

Show
View Real Time Build Order
Export as new Build Order

Future Terran - Winner!

Build Orders: Reaper Expand, Banshee Rush 

Get SALT Encoding   

  12  0:00  SCV  
  13  0:12  SCV  
  14  0:17  Supply Depot  
  14  0:24  SCV  
  15  0:37  Refinery  
  15  0:38  SCV  
  16  0:44  Barracks  
  16  0:51  SCV  
  17  1:03  SCV  
  18  1:05  Supply Depot  
  18  1:15  SCV  
  19  1:31  Orbital Command, Reaper  
  20  1:51  Command Center  
  20  1:57  SCV  
  21  2:09  SCV, Factory  
  21  2:15  Barracks Reactor  
  22  2:21  SCV  
  22  2:22  Refinery  
  23  2:33  SCV  
  24  2:45  SCV  
  25  2:53  Starport  
  25  2:57  SCV  
  26  3:01  Hellion x2  
  26  3:05  Orbital Command  
  30  3:09  SCV  
  31  3:13  Barracks Tech Lab  
  31  3:21  SCV  
  31  3:23  Hellion x2  
  36  3:30  SCV  
  36  3:33  Supply Depot  
  36  3:34  SCV  
  38  3:39  Barracks Tech Lab  
  38  3:42  SCV, Cloaking Field  
  38  3:44  Banshee  
  38  3:46  SCV  
  43  3:54  SCV  
  43  3:55  Supply Depot  
  44  3:58  SCV  
  45  4:06  SCV  
  45  4:10  SCV, Marine x2  
  45  4:11  Siege Tank  
  51  4:18  SCV, Supply Depot  
  51  4:22  SCV  
  53  4:28  Banshee, Marine x2  
  53  4:30  SCV  
  51  4:35  SCV  
  51  4:38  Barracks  
  52  4:39  Barracks  
  52  4:43  SCV  
  53  4:45  Siege Tank  
  53  4:46  Marine x2  
  53  4:48  SCV  
  56  4:59  Refinery  
  56  5:00  Refinery  
  56  5:03  Barracks, Marine  
  56  5:04  Barracks, Marine  
  61  5:21  Marine x2  
  61  5:23  Siege Tank  
  63  5:31  Supply Depot  
  63  5:32  SCV x2, Supply Depot  
  63  5:35  Starport Reactor  
  65  5:36  Barracks Tech Lab  
  65  5:37  Stimpack, Marine  
  65  5:38  Marine  
  65  5:39  Marine x2  
  69  5:49  Command Center  
  69  5:52  Barracks Tech Lab  
  69  5:53  Barracks Reactor  
  69  6:00  Marauder  
  69  6:02  Factory Reactor, Marine  
  69  6:03  Marauder, Marine  
  75  6:04  Engineering Bay  
  75  6:05  Supply Depot, Combat Shield  
  75  6:13  Marauder  
  75  6:17  Medivac x2  
  81  6:24  Supply Depot  
  81  6:25  Supply Depot  
  81  6:26  Marauder x2  
  81  6:29  Marine  
  81  6:30  Marine x2  
  88  6:33  Concussive Shells  
  88  6:35  SCV x2  
  88  6:37  Terran Infantry Weapons Level 1  
  90  6:40  Widow Mine x2  
  94  6:47  Supply Depot x2, Marine  
  94  6:49  Marine  
  94  6:50  Marine  
  94  6:51  Marine  
  98  6:56  Marauder x2  
  98  7:00  Marauder  
  104  7:04  SCV x2  
  104  7:07  Medivac x2  
  110  7:09  Widow Mine  
  110  7:10  Widow Mine  
  110  7:12  Marine x2  
  110  7:14  Marine  
  110  7:15  Marine  
  118  7:22  SCV x2, Supply Depot  
  120  7:28  Marauder x2  
  120  7:29  Marauder  
  126  7:35  Marine  
  126  7:42  Widow Mine x2  
  129  7:47  Marine  
  129  7:49  Marauder  
  129  7:51  Marine x2, Marauder  
  125  7:52  SCV, Orbital Command  
  125  7:53  SCV  
  125  8:01  Marauder  
  114  8:06  Marine x2  
  114  8:08  Widow Mine x2  
  114  8:11  SCV x2  
  120  8:14  Medivac x2  
  120  8:18  SCV  
  120  8:19  Supply Depot  
  125  8:20  Marauder, Marine  
  125  8:21  Marauder  
  125  8:23  SCV  
  125  8:25  SCV  
  132  8:27  Marine x2  
  132  8:29  Missile Turret  
  132  8:32  SCV  
  132  8:33  Missile Turret  
  135  8:36  Missile Turret  
  135  8:40  SCV  
Show
View Real Time Build Order
Export as new Build Order

Nina Protoss 

Build Orders: 1 Gate Expand, Phoenix Opening, Blink Stalkers 

Get SALT Encoding   

  12  0:00  Probe  
  13  0:12  Probe  
  14  0:18  Pylon  
  14  0:24  Probe  
  15  0:36  Probe (Chrono Boost)  
  15  0:37  Gateway  
  16  0:48  Probe (Chrono Boost)  
  17  0:51  Assimilator  
  17  0:52  Probe (Chrono Boost)  
  18  1:03  Probe  
  19  1:15  Probe  
  20  1:25  Cybernetics Core  
  20  1:36  Nexus  
  20  1:38  Probe  
  21  1:47  Pylon  
  21  1:50  Assimilator  
  21  1:53  Probe  
  22  2:03  Stalker (Chrono Boost)  
  22  2:06  Probe  
  22  2:07  Warp Gate  
  25  2:18  Probe  
  25  2:21  Shield Battery  
  26  2:26  Sentry (Chrono Boost)  
  28  2:30  Probe  
  28  2:35  Gateway  
  29  2:43  Probe (Chrono Boost)  
  30  2:49  Stalker  
  30  2:50  Phoenix  
  32  2:52  Probe (Chrono Boost)  
  34  3:00  Probe (Chrono Boost)  
  34  3:02  Probe (Chrono Boost)  
  34  3:04  Twilight Council  
  35  3:07  Probe (Chrono Boost)  
  35  3:11  Probe  
  38  3:21  Probe (Chrono Boost)  
  38  3:23  Stalker, Probe (Chrono Boost)  
  38  3:25  Assimilator  
  42  3:35  Probe x2 (Chrono Boost)  
  42  3:37  Pylon  
  43  3:43  Probe  
  43  3:44  Probe  
  43  3:46  Pylon, Blink (Chrono Boost)  
  45  3:55  Probe  
  46  3:56  Stalker, Probe  
  49  4:03  Stalker  
  49  4:07  Probe  
  44  4:17  Probe  
  44  4:19  Probe  
  40  4:26  Stalker  
  43  4:31  Probe (Chrono Boost)  
  43  4:32  Probe (Chrono Boost)  
  43  4:36  Stalker  
  46  4:42  Phoenix, Probe x2 (Chrono Boost)  
  48  4:48  Probe (Chrono Boost)  
  48  4:49  Probe (Chrono Boost)  
  50  4:52  Robotics Facility  
  50  4:58  Probe  
  51  5:00  Probe  
  51  5:01  Nexus  
  52  5:10  Probe  
  53  5:17  Probe  
  53  5:19  Stalker  
  56  5:22  Gateway  
  56  5:26  Probe, Gateway  
  57  5:32  Probe  
  57  5:35  Pylon  
  58  5:37  Gateway  
  58  5:43  Observer (Chrono Boost)  
  58  5:44  Pylon, Probe  
  58  5:45  Probe  
  61  5:54  Robotics Bay  
  61  5:56  Charge (Chrono Boost)  
  61  5:57  Shield Battery, Probe, Gateway  
  62  6:05  Zealot, Sentry  
  62  6:06  Observer  
  62  6:10  Gateway  
  67  6:14  Probe x2  
  67  6:18  Stalker  
  67  6:24  Probe  
  69  6:30  Sentry  
  69  6:31  Zealot  
  69  6:32  Zealot x2  
  77  6:33  Probe (Chrono Boost)  
  77  6:36  Probe (Chrono Boost)  
  77  6:38  Probe (Chrono Boost)  
  77  6:39  Observer  
  80  6:42  Shield Battery  
  80  6:44  Probe (Chrono Boost)  
  80  6:46  Probe (Chrono Boost)  
  83  6:49  Probe (Chrono Boost)  
  83  6:51  Observer, Probe (Chrono Boost), Colossus  
  90  6:54  Probe  
  90  6:59  Probe  
  92  7:03  Probe (Chrono Boost)  
  92  7:04  Pylon  
  92  7:06  Probe (Chrono Boost)  
  92  7:07  Pylon  
  92  7:15  Probe (Chrono Boost)  
  93  7:20  Pylon, Extended Thermal Lance (Chrono Boost)  
  95  7:23  Probe (Chrono Boost)  
  95  7:25  Probe (Chrono Boost)  
  95  7:26  Probe (Chrono Boost)  
  95  7:28  Probe (Chrono Boost)  
  96  7:32  Zealot x5  
  96  7:34  Probe  
  102  7:37  Zealot x2  
  74  7:51  Observer  
  74  7:52  Zealot x3  
  74  7:54  Stalker x2  
  59  8:08  Stalker x2  
  59  8:13  Stalker x3, Probe (Chrono Boost)  
  59  8:14  Probe (Chrono Boost)  
  66  8:25  Probe (Chrono Boost)  
  67  8:28  Probe (Chrono Boost)  
  72  8:51  Zealot x6  
Tags
 
Add a new tag
Caveats
  • Supply blocks, unpowered buildings, or Contaminate may cause inaccurate times.
  • Supply counts are checked every 10 seconds.